TOP OF THE 1ST |
---|
Detroit Dirty Snow batting - Pitching for Pensacola Pilots : RHP Don Anderson | Pitching: RHP Don Anderson | | Batting: RHB António Aguilera | 0-0: SINGLE (Groundball, 56D) | Batting: LHB Francisco Medina | 0-0: Ball 1-0: Fly out, F8 (Flyball, 8RM) | Batting: RHB Guo-liang Lian | 0-0: Called Strike António Aguilera steals 2nd base 0-1: Ball Wild Pitch! António Aguilera to third 1-1: Ball 2-1: Swinging Strike 2-2: Fly out, F6 (Popup, 6MS) | Batting: LHB Luis Salazar | 0-0: Ball 1-0: Ball 2-0: Swinging Strike 2-1: Ball 3-1: Foul Ball, location: 2F 3-2: Foul Ball, location: 2F 3-2: SINGLE (Groundball, 56D) António Aguilera scores | Batting: RHB Carlos Rocha | 0-0: Ball 1-0: Ground out U3 (Groundball, 34S) | Top of the 1st over - 1 run, 2 hits, 0 errors, 1 left on base; Detroit 1 - Pensacola 0 | BOTTOM OF THE 1ST |
---|
Pensacola Pilots batting - Pitching for Detroit Dirty Snow : RHP Ánibal Medina | Pitching: RHP Ánibal Medina | | Batting: SHB José Velásquez | 0-0: Called Strike 0-1: Foul Ball, location: 2F 0-2: Foul Ball, location: 2F 0-2: Strikes out looking | Batting: LHB Freddy Torres | 0-0: Fly out, F7 (Flyball, 7S) | Batting: SHB Ron Winston | 0-0: Foul Ball, location: 2F 0-1: Ball 1-1: Ball 2-1: Foul Ball, location: 2F 2-2: Foul Ball, location: 2F 2-2: Strikes out swinging | Bottom of the 1st over - 0 runs, 0 hits, 0 errors, 0 left on base; Detroit 1 - Pensacola 0 | TOP OF THE 2ND |
---|
Detroit Dirty Snow batting - Pitching for Pensacola Pilots : RHP Don Anderson | Batting: SHB Víctor Torres | 0-0: Foul Ball, location: 2F 0-1: Ball 1-1: Ball 2-1: Called Strike 2-2: Foul Ball, location: 2F 2-2: Ground out U3 (Groundball, 34) | Batting: LHB Lee Jenkins | 0-0: Ball 1-0: Ball 2-0: Called Strike 2-1: Ball 3-1: Foul Ball, location: 2F 3-2: Foul Ball, location: 2F 3-2: Base on Balls | Batting: RHB Albert Cortéz | 0-0: Called Strike 0-1: Ball 1-1: Ball 2-1: Ball 3-1: Base on Balls Lee Jenkins to second | Batting: RHB Bobby Hendricks | 0-0: Called Strike 0-1: Ball 1-1: Ball 2-1: Fly out, F1 (Line Drive, 13) | Batting: RHB António Aguilera | 0-0: Called Strike 0-1: Ball 1-1: Fly out, F7 (Flyball, 78M) | Top of the 2nd over - 0 runs, 0 hits, 0 errors, 2 left on base; Detroit 1 - Pensacola 0 | BOTTOM OF THE 2ND |
---|
Pensacola Pilots batting - Pitching for Detroit Dirty Snow : RHP Ánibal Medina | Batting: LHB Ángel Flores | 0-0: Called Strike 0-1: Ball 1-1: Ball 2-1: Fly out, F9 (Line Drive, 89D) | Batting: SHB Carlos González | 0-0: Called Strike 0-1: Fly out, F9 (Flyball, 89M) | Batting: RHB Ryan Nelson | 0-0: Ball 1-0: Called Strike 1-1: Called Strike 1-2: Ball 2-2: Ball 3-2: Base on Balls | Batting: LHB Ricardo García | 0-0: Ball 1-0: Swinging Strike 1-1: Fly out, F3 (Popup, 3) | Bottom of the 2nd over - 0 runs, 0 hits, 0 errors, 1 left on base; Detroit 1 - Pensacola 0 | TOP OF THE 3RD |
---|
Detroit Dirty Snow batting - Pitching for Pensacola Pilots : RHP Don Anderson | Batting: LHB Francisco Medina | 0-0: Ball 1-0: Ball 2-0: Called Strike 2-1: DOUBLE (Line Drive, 9LM) | Batting: RHB Guo-liang Lian | 0-0: Fly out, F7 (Line Drive, 7) | Batting: LHB Luis Salazar | 0-0: SINGLE (Line Drive, 4MD) Francisco Medina to third Runner from 3rd tries for Home, throw and OUT! Luis Salazar to second | Batting: RHB Carlos Rocha | 0-0: Foul Ball, location: 2F 0-1: Ball 1-1: SINGLE (Groundball, 34D) Luis Salazar to third Runner from 3rd tries for Home, SAFE, no throw | Batting: SHB Víctor Torres | 0-0: Called Strike 0-1: Ball 1-1: Swinging Strike 1-2: Strikes out swinging | Top of the 3rd over - 1 run, 3 hits, 0 errors, 1 left on base; Detroit 2 - Pensacola 0 | BOTTOM OF THE 3RD |
---|
Pensacola Pilots batting - Pitching for Detroit Dirty Snow : RHP Ánibal Medina | Batting: LHB Joe Storms | 0-0: Bunt missed! 0-1: Called Strike 0-2: Ball 1-2: SINGLE (Groundball, 4MD) | Batting: RHB Carson Allen | 0-0: Called Strike 0-1: Ball 1-1: Swinging Strike 1-2: Strikes out looking | Batting: SHB José Velásquez | 0-0: Ball 1-0: Ball 2-0: Foul Ball, location: 2F 2-1: Foul Ball, location: 2F 2-2: SINGLE (Flyball, 78S) Joe Storms to second Runner from 2nd tries for 3rd, SAFE, no throw | Batting: LHB Freddy Torres | 0-0: Ball 1-0: Fly out, F7 (Flyball, 78D) Runner from 3rd tags up, SCORES, throw made | Batting: SHB Ron Winston | 0-0: Called Strike 0-1: Called Strike 0-2: Strikes out swinging | Bottom of the 3rd over - 1 run, 2 hits, 0 errors, 1 left on base; Detroit 2 - Pensacola 1 | TOP OF THE 4TH |
---|
Detroit Dirty Snow batting - Pitching for Pensacola Pilots : RHP Don Anderson | Batting: LHB Lee Jenkins | 0-0: Ball 1-0: Swinging Strike 1-1: Ball 2-1: Ball 3-1: Base on Balls | Batting: RHB Albert Cortéz | 0-0: Ball 1-0: Foul Ball, location: 2F 1-1: Called Strike 1-2: Foul Ball, location: 2F 1-2: Ball 2-2: Ball 3-2: SINGLE (Groundball, 56D) Lee Jenkins to second | Pitching: LHP Mario Lugo | | Batting: RHB Bobby Hendricks | 0-0: Grounds into double play, 5-4-3 (Groundball, 5) Lee Jenkins to third | Pitching: RHP Rubén Rocha | | Batting: RHB António Aguilera | 0-0: Called Strike 0-1: Ground out 5-3 (Groundball, 56S) | Top of the 4th over - 0 runs, 1 hit, 0 errors, 1 left on base; Detroit 2 - Pensacola 1 | BOTTOM OF THE 4TH |
---|
Pensacola Pilots batting - Pitching for Detroit Dirty Snow : RHP Ánibal Medina | Batting: LHB Ángel Flores | 0-0: Ball 1-0: Called Strike 1-1: Ball 2-1: Foul Ball, location: 2F 2-2: Foul Ball, location: 2F 2-2: Ground out 5-3 (Groundball, 5) | Batting: SHB Carlos González | 0-0: Ball 1-0: Ball 2-0: Ball 3-0: Called Strike 3-1: Foul Ball, location: 2F 3-2: Foul Ball, location: 2F 3-2: SINGLE (Flyball, 5D) | Batting: RHB Ryan Nelson | 0-0: Called Strike 0-1: Ball 1-1: Called Strike 1-2: Ball 2-2: Reached on error, E1 (Groundball, P) Carlos González to second | Batting: LHB Ricardo García | 0-0: Ball 1-0: Ball 2-0: Foul Ball, location: 2F 2-1: Foul Ball, location: 2F 2-2: Grounds into double play, 4-6-3 (Groundball, 4) | Bottom of the 4th over - 0 runs, 1 hit, 1 error, 1 left on base; Detroit 2 - Pensacola 1 | TOP OF THE 5TH |
---|
Detroit Dirty Snow batting - Pitching for Pensacola Pilots : RHP Rubén Rocha | Batting: LHB Francisco Medina | 0-0: Swinging Strike 0-1: Foul Ball, location: 2F 0-2: Foul Ball, location: 2F 0-2: Ball 1-2: Strikes out looking | Batting: RHB Guo-liang Lian | 0-0: Called Strike 0-1: SINGLE (Line Drive, 7S) | Batting: LHB Luis Salazar | 0-0: Ball 1-0: Ball 2-0: Swinging Strike 2-1: Ball 3-1: Base on Balls Guo-liang Lian to second | Batting: RHB Carlos Rocha | 0-0: Ball 1-0: Ball 2-0: Called Strike 2-1: Ball Guo-liang Lian steals 3rd base Luis Salazar to second 3-1: Base on Balls | Batting: SHB Víctor Torres | 0-0: Called Strike 0-1: Ball 1-1: Swinging Strike 1-2: Strikes out looking | Batting: LHB Lee Jenkins | 0-0: Ball 1-0: Called Strike 1-1: Ground out 4-3 (Groundball, 34D) | Top of the 5th over - 0 runs, 1 hit, 0 errors, 3 left on base; Detroit 2 - Pensacola 1 | BOTTOM OF THE 5TH |
---|
Pensacola Pilots batting - Pitching for Detroit Dirty Snow : RHP Ánibal Medina | Batting: LHB Joe Storms | 0-0: Foul Ball, location: 2F 0-1: Fly out, F4 (Popup, 4MS) | Batting: RHB Carson Allen | 0-0: Ball 1-0: SOLO HOME RUN (Flyball, 7LD), Distance : 350 ft | Pitching: RHP Mark Messier | | Batting: SHB José Velásquez | 0-0: Ball 1-0: Swinging Strike 1-1: Called Strike 1-2: Strikes out swinging | Batting: LHB Freddy Torres | 0-0: Foul Ball, location: 2F 0-1: Ball 1-1: Ball 2-1: Ground out 1-3 (Groundball, 13S) | Bottom of the 5th over - 1 run, 1 hit, 0 errors, 0 left on base; Detroit 2 - Pensacola 2 | TOP OF THE 6TH |
---|
Detroit Dirty Snow batting - Pitching for Pensacola Pilots : RHP Rubén Rocha | Batting: RHB Albert Cortéz | 0-0: Ball 1-0: Foul Ball, location: 2F 1-1: Ball 2-1: Swinging Strike 2-2: Ball 3-2: Foul Ball, location: 2F 3-2: Ground out 5-3 (Groundball, 56) | Batting: RHB Bobby Hendricks | 0-0: Ball 1-0: Foul Ball, location: 2F 1-1: Foul Ball, location: 2F 1-2: Ball 2-2: Foul Ball, location: 2F 2-2: Foul Ball, location: 2F 2-2: Ground out 3-1 (Groundball, 34S) | Batting: RHB António Aguilera | 0-0: Bunted foul 0-1: Ball 1-1: Foul Ball, location: 2F 1-2: Strikes out swinging | Top of the 6th over - 0 runs, 0 hits, 0 errors, 0 left on base; Detroit 2 - Pensacola 2 | BOTTOM OF THE 6TH |
---|
Pensacola Pilots batting - Pitching for Detroit Dirty Snow : RHP Mark Messier | Batting: SHB Ron Winston | 0-0: Called Strike 0-1: Swinging Strike 0-2: Strikes out swinging | Batting: LHB Ángel Flores | 0-0: Ball 1-0: Swinging Strike 1-1: Ball 2-1: SINGLE (Line Drive, 8LS) | Batting: SHB Carlos González | 0-0: Ball 1-0: DOUBLE (Flyball, 8RD) Ángel Flores to third | Batting: RHB Ryan Nelson | 0-0: Swinging Strike 0-1: Ball 1-1: Ball 2-1: Swinging Strike 2-2: Strikes out looking | Batting: LHB Ricardo García | 0-0: Reached on error, E4 (Line Drive, 4) Ángel Flores scores Carlos González to third | Batting: LHB Joe Storms | 0-0: Called Strike 0-1: Ball 1-1: Foul Ball, location: 2F 1-2: SINGLE (Groundball, 34D) Carlos González scores Ricardo García to second Runner from 2nd tries for 3rd, SAFE, no throw | Batting: RHB Carson Allen | 0-0: Ball 1-0: Fly out, F9 (Flyball, 89D) | Bottom of the 6th over - 2 runs, 3 hits, 1 error, 2 left on base; Detroit 2 - Pensacola 4 | TOP OF THE 7TH |
---|
Detroit Dirty Snow batting - Pitching for Pensacola Pilots : RHP Rubén Rocha | Batting: LHB Francisco Medina | 0-0: Ball 1-0: Ball 2-0: SOLO HOME RUN (Flyball, 89XD), Distance : 431 ft | Batting: RHB Guo-liang Lian | 0-0: Ball 1-0: Ball 2-0: Ground out 6-3 (Groundball, 6) | Batting: LHB Luis Salazar | 0-0: Ball 1-0: Ball 2-0: Ball 3-0: Base on Balls | Batting: RHB Carlos Rocha | 0-0: Ball 1-0: Ball 2-0: Called Strike 2-1: Foul Ball, location: 2F 2-2: Fly out, F5 (Popup, 5S) | Batting: SHB Víctor Torres | 0-0: Foul Ball, location: 2F 0-1: Foul Ball, location: 2F 0-2: Ball 1-2: DOUBLE (Line Drive, 9LD) Luis Salazar to third Luis Salazar scores | Pitching: RHP Rodolphe Dettori | | Batting: LHB Lee Jenkins | 0-0: Swinging Strike 0-1: Ball 1-1: Ball 2-1: Ball 3-1: Ground out 1-3 (Groundball, P) | Top of the 7th over - 2 runs, 2 hits, 0 errors, 1 left on base; Detroit 4 - Pensacola 4 | BOTTOM OF THE 7TH |
---|
Pensacola Pilots batting - Pitching for Detroit Dirty Snow : RHP Mark Messier | Batting: SHB José Velásquez | 0-0: Ball 1-0: Foul Ball, location: 2F 1-1: Foul Ball, location: 2F 1-2: Ball 2-2: Foul Ball, location: 2F 2-2: SINGLE (Line Drive, 7LS) | Batting: LHB Freddy Torres | 0-0: Ball 1-0: Foul Ball, location: 2F 1-1: DOUBLE (Line Drive, 9LM) José Velásquez to third Runner from 3rd tries for Home, SAFE, no throw | Batting: SHB Ron Winston | 0-0: Called Strike 0-1: Called Strike 0-2: Strikes out swinging | Batting: LHB Ángel Flores | 0-0: Intentional Walk | Batting: SHB Carlos González | 0-0: Ball 1-0: SINGLE (Groundball, 2L) (infield hit) Freddy Torres to third Ángel Flores to second | Batting: RHB Ryan Nelson | 0-0: Called Strike 0-1: DOUBLE (Line Drive, 78D) Freddy Torres scores Ángel Flores scores Carlos González to third Runner from 3rd tries for Home, SAFE, no throw | Pitching: RHP Luis Reyes | | Pinch Runner at 2nd John Hall: | | Batting: LHB Ricardo García | 0-0: Foul Ball, location: 2F 0-1: Foul Ball, location: 2F 0-2: Foul Ball, location: 2F 0-2: SINGLE (Line Drive, 4M) John Hall to third | Batting: LHB Joe Storms | 0-0: Foul Ball, location: 2F 0-1: Foul Ball, location: 2F 0-2: Ball 1-2: Grounds into double play, 6-4-3 (Groundball, 6) | Bottom of the 7th over - 4 runs, 5 hits, 0 errors, 1 left on base; Detroit 4 - Pensacola 8 | TOP OF THE 8TH |
---|
Detroit Dirty Snow batting - Pitching for Pensacola Pilots : RHP Rodolphe Dettori | Now at 1B: John Hall | | Batting: RHB Albert Cortéz | 0-0: Ball 1-0: Ball 2-0: Foul Ball, location: 2F 2-1: Fly out, F7 (Flyball, 7) | Batting: RHB Bobby Hendricks | 0-0: Ball 1-0: Ball 2-0: Called Strike 2-1: Foul Ball, location: 2F 2-2: Foul Ball, location: 2F 2-2: Ball 3-2: Base on Balls | Batting: RHB António Aguilera | 0-0: Ball Wild Pitch! Bobby Hendricks to second 1-0: Ball 2-0: Called Strike 2-1: SINGLE (Line Drive, 7S) Bobby Hendricks to third | Batting: LHB Francisco Medina | 0-0: Ball 1-0: Foul Ball, location: 2F 1-1: DOUBLE (Groundball, 5L) Bobby Hendricks scores António Aguilera to third | Batting: RHB Guo-liang Lian | 0-0: Ball 1-0: Ball 2-0: Ball 3-0: Called Strike 3-1: Base on Balls | Batting: LHB Luis Salazar | 0-0: Ball 1-0: Swinging Strike 1-1: Ball 2-1: Ball Wild Pitch! António Aguilera scores Francisco Medina to third Guo-liang Lian to second 3-1: Fly out, F9 (Flyball, 9) Runner from 3rd tags up, SCORES, throw made | Batting: RHB Carlos Rocha | 0-0: Fly out, F3 (Popup, 3SF) | Top of the 8th over - 3 runs, 2 hits, 0 errors, 1 left on base; Detroit 7 - Pensacola 8 | BOTTOM OF THE 8TH |
---|
Pensacola Pilots batting - Pitching for Detroit Dirty Snow : RHP Luis Reyes | Batting: RHB Carson Allen | 0-0: Called Strike 0-1: Swinging Strike 0-2: Ball 1-2: Foul Ball, location: 2F 1-2: Strikes out swinging | Batting: SHB José Velásquez | 0-0: Ball 1-0: Ball 2-0: Called Strike 2-1: Ball 3-1: Fly out, F8 (Flyball, 78D) | Batting: LHB Freddy Torres | 0-0: Foul Ball, location: 2F 0-1: Fly out, F3 (Line Drive, 34) | Bottom of the 8th over - 0 runs, 0 hits, 0 errors, 0 left on base; Detroit 7 - Pensacola 8 | TOP OF THE 9TH |
---|
Detroit Dirty Snow batting - Pitching for Pensacola Pilots : RHP Rodolphe Dettori | Now at C: Juan González | | Batting: SHB Víctor Torres | 0-0: Called Strike 0-1: Ball 1-1: Ball 2-1: Ball 3-1: Foul Ball, location: 2F 3-2: Base on Balls | Pinch Runner at 1st Phil Poole: | | Batting: LHB Lee Jenkins | 0-0: Ball 1-0: Ball 2-0: Ball 3-0: Called Strike 3-1: Base on Balls Phil Poole to second | Batting: RHB Albert Cortéz | 0-0: Called Strike 0-1: Ball 1-1: Ball 2-1: Ball 3-1: Base on Balls Phil Poole to third Lee Jenkins to second | Batting: RHB Bobby Hendricks | 0-0: Called Strike 0-1: Ball 1-1: Fly out, F7 (Line Drive, 7) Runner from 3rd tags up, SCORES, no throw | Pinch Runner at 2nd Fabio Wondergem: | | Batting: RHB António Aguilera | 0-0: Ball 1-0: Foul Ball, location: 2F 1-1: Swinging Strike 1-2: Ball 2-2: Fly out, F8 (Flyball, 8LM) | Batting: LHB Francisco Medina | 0-0: DOUBLE (Line Drive, 89D) Fabio Wondergem scores Albert Cortéz to third Runner from 3rd tries for Home, SAFE, throw made at trailing runner, OUT at third! | Top of the 9th over - 3 runs, 1 hit, 0 errors, 0 left on base; Detroit 10 - Pensacola 8 | BOTTOM OF THE 9TH |
---|
Pensacola Pilots batting - Pitching for Detroit Dirty Snow : RHP Luis Reyes | Now at 1B: Manuel Flores | | Now in RF: Phil Poole | | Batting: SHB Ron Winston | 0-0: Called Strike 0-1: Ball 1-1: SOLO HOME RUN (Flyball, 9D), Distance : 392 ft | Batting: LHB Ángel Flores | 0-0: Ball 1-0: Called Strike 1-1: Swinging Strike 1-2: Strikes out looking | Batting: SHB Carlos González | 0-0: Ground out 4-3 (Groundball, 4) | Pinch Hitting: SHB Ken Austin | 0-0: Ball 1-0: Ball 2-0: Fly out, F8 (Flyball, 8LM) | Bottom of the 9th over - 1 run, 1 hit, 0 errors, 0 left on base; Detroit 10 - Pensacola 9 | |